Map: Orbital Shipyard

Players

LiquidBunny (Bunny) - Winner!

  • Race: Terran Terran
  • League: Grandmaster

Nerchio

  • Race: Zerg Zerg
  • League: Grandmaster

Event: DreamHack ROCCAT LotV Championship

VOD

Have the link to the VOD?

Description

Time

  • Played on: Nov. 26, 2015, 3 p.m.
  • Length: 16:38

All games in this series

Show
View Real Time Build Order
Export as new Build Order

LiquidBunny Terran - Winner!

Build Orders: Bio Tank 

Get SALT Encoding   

  12  0:00  SCV  
  13  0:13  SCV  
  14  0:17  Supply Depot  
  14  0:25  SCV  
  15  0:39  SCV  
  15  0:40  Barracks  
  16  0:42  Refinery  
  16  0:51  SCV  
  17  1:03  SCV  
  18  1:15  SCV  
  19  1:27  Barracks Reactor, Orbital Command  
  19  1:38  Command Center  
  19  1:46  Refinery  
  19  1:53  Supply Depot  
  19  1:56  SCV  
  20  2:03  Reaper x2  
  20  2:08  SCV  
  23  2:15  Barracks  
  23  2:20  SCV  
  24  2:27  Barracks  
  24  2:32  SCV  
  24  2:35  Reaper  
  24  2:36  Reaper  
  27  2:44  SCV  
  27  2:50  Orbital Command  
  28  2:56  SCV  
  29  3:04  Barracks Tech Lab  
  29  3:07  Reaper  
  29  3:08  SCV, Reaper  
  32  3:15  SCV  
  32  3:18  Marine  
  34  3:20  SCV  
  34  3:21  Supply Depot  
  34  3:23  Marine  
  36  3:27  Stimpack  
  36  3:28  SCV  
  36  3:33  SCV  
  38  3:40  SCV, Marine x2  
  42  3:45  SCV  
  42  3:48  Factory  
  42  3:49  Engineering Bay  
  42  3:51  Marine  
  42  3:52  SCV  
  44  3:57  SCV  
  45  4:02  Marine x2  
  45  4:03  Supply Depot  
  45  4:04  SCV  
  45  4:09  SCV, Marine x2  
  51  4:16  SCV  
  51  4:19  Terran Infantry Weapons Level 1  
  51  4:20  Bunker  
  51  4:21  SCV, Refinery  
  52  4:26  Supply Depot  
  52  4:28  SCV  
  52  4:33  SCV  
  55  4:40  SCV  
  55  4:41  Factory Tech Lab, Marine  
  55  4:42  Starport, Marine  
  55  4:45  SCV  
  58  4:46  Marine  
  58  4:52  SCV  
  60  4:54  Barracks Tech Lab  
  60  4:57  SCV  
  60  5:04  SCV  
  60  5:06  Siege Tank  
  63  5:08  Barracks Reactor  
  63  5:09  SCV, Marine x2  
  66  5:16  SCV  
  66  5:17  Command Center, Refinery  
  66  5:18  Medivac  
  66  5:20  Marine  
  70  5:21  SCV  
  70  5:27  Marine  
  71  5:30  Marine  
  71  5:34  SCV  
  71  5:37  Marine  
  71  5:38  Combat Shields  
  72  5:45  Marine  
  72  5:48  Marine  
  76  5:50  Barracks  
  76  5:51  Siege Tank, Barracks  
  76  5:53  Supply Depot  
  76  5:55  SCV, Supply Depot  
  76  5:56  Barracks Reactor, Marine  
  79  5:59  Medivac  
  79  6:00  Medivac  
  79  6:03  Marine  
  84  6:07  SCV  
  84  6:08  Supply Depot  
  85  6:12  Marine  
  85  6:14  Marine  
  85  6:15  SCV  
  88  6:19  SCV  
  88  6:20  Marine  
  88  6:23  Siege Tank  
  93  6:30  Marine  
  93  6:32  Marine  
  95  6:38  Marine  
  95  6:39  SCV, Supply Depot  
  97  6:40  SCV  
  97  6:41  Marine  
  99  6:47  Marine  
  99  6:49  Marine  
  99  6:52  SCV  
  102  6:54  Medivac  
  102  6:55  Siege Tank, Medivac  
  102  6:58  Orbital Command  
  102  6:59  SCV  
  112  7:03  Barracks Reactor x2  
  112  7:04  SCV  
  111  7:09  Terran Infantry Armor Level 1, Armory  
  111  7:10  Engineering Bay  
  111  7:11  SCV  
  109  7:16  SCV, Marine x2  
  109  7:18  Marine x2  
  109  7:21  Marine  
  114  7:23  SCV  
  114  7:29  SCV, Siege Tank  
  117  7:34  Marine x2  
  117  7:36  Marine x2  
  121  7:39  Marine  
  121  7:42  Marine x2  
  113  7:45  Marine x2  
  95  7:52  Marine x2  
  95  7:54  Marine  
  95  7:56  Marine  
  95  7:57  Marine  
  92  8:00  Marine x2  
  92  8:01  Siege Tank  
  93  8:06  Marine  
  93  8:09  Marine x2  
  93  8:12  Marine  
  94  8:14  Marine  
  94  8:15  Marine  
  93  8:24  Marine  
  85  8:27  Marine x2  
  85  8:28  SCV  
  85  8:29  SCV  
  85  8:32  Marine x2  
  85  8:33  Siege Tank  
  86  8:39  Marine  
  86  8:40  SCV  
  78  8:42  Marine  
  78  8:45  Marine  
  71  8:49  SCV  
  71  8:50  Marine x2  
  71  8:54  Medivac x2  
  78  8:57  Marine  
  78  8:59  SCV, Marine  
  78  9:01  SCV  
  82  9:03  Marine  
  82  9:05  Siege Tank  
  82  9:08  Marine x2  
  82  9:09  SCV  
  89  9:11  SCV  
  89  9:13  SCV  
  89  9:14  Marine  
  92  9:17  Marine  
  92  9:21  SCV  
  92  9:23  SCV  
  80  9:24  Medivac  
  95  9:25  SCV, Marine  
  95  9:27  Marine  
  95  9:29  Marine  
  101  9:32  Marine  
  101  9:35  Marine  
  101  9:37  Siege Tank  
  106  9:40  SCV  
  106  9:43  Marine  
  106  9:45  Marine  
  109  9:47  Marine  
  109  9:49  SCV  
  109  9:50  Marine  
  111  9:58  Marine  
  112  10:00  SCV  
  113  10:10  SCV  
  112  10:15  Marine x5  
  112  10:17  SCV x2  
  112  10:18  Terran Infantry Weapons Level 2  
  119  10:23  SCV  
  118  10:33  Marine x5  
  110  10:37  SCV  
  111  10:46  Siege Tank  
  101  10:50  Marine  
  101  10:51  Marine x4  
  98  11:04  SCV  
  98  11:08  Marine x2  
  98  11:09  SCV, Marine x3  
  101  11:18  Terran Infantry Armor Level 2  
  101  11:23  SCV  
  102  11:26  Marine x4  
  102  11:27  Marine  
  90  11:33  SCV  
  90  11:36  SCV x2  
  93  11:44  Marine x4  
  93  11:45  Marine  
  93  11:46  Refinery  
  98  11:51  Refinery  
  90  11:55  Siege Tank  
  90  12:00  SCV x3  
  96  12:02  Marine x5  
  91  12:15  SCV  
  92  12:18  SCV x2  
  92  12:20  Marine x5  
  93  12:27  SCV  
  90  12:30  SCV x2  
  90  12:31  Siege Tank  
  95  12:37  Marine x2  
  95  12:38  Marine x3  
  95  12:39  SCV  
  95  12:42  SCV  
  95  12:43  SCV  
  104  12:51  SCV  
  104  12:54  SCV  
  104  12:55  SCV, Marine x3  
  104  12:56  Marine x2  
  111  13:03  SCV, Siege Tank  
  114  13:11  SCV  
  115  13:13  SCV, Marine x4  
  115  13:14  Marine  
  121  13:27  Command Center  
  121  13:31  Marine x4  
  125  13:50  Terran Infantry Weapons Level 3  
  125  13:57  Marine x3  
  125  14:05  Supply Depot  
  125  14:06  Supply Depot  
  125  14:08  Siege Tank, Marine x2  
  125  14:15  Marine x3  
  125  14:17  SCV  
  125  14:18  Factory  
  125  14:22  Ghost Academy  
  126  14:26  Marine x2  
  126  14:27  SCV  
  128  14:31  SCV  
  128  14:33  Marine x3  
  132  14:43  Marine x2  
  135  14:45  SCV  
  135  14:47  Medivac  
  135  14:51  Marine x3  
  140  15:01  Marine x2  
  142  15:08  Marine x2  
  142  15:10  Factory Tech Lab  
  142  15:11  Siege Tank, Marine  
  148  15:19  Marine  
  148  15:21  Medivac x2  
  155  15:29  Supply Depot, Barracks Tech Lab  
  155  15:31  Barracks Tech Lab x2  
  153  15:36  Marine  
  153  15:40  Planetary Fortress  
  154  15:46  Siege Tank, Marine  
  154  15:47  Marine  
  159  15:58  Marine x2  
  159  15:59  Siege Tank  
  164  16:08  Marine x2  
  164  16:10  Marine  
  158  16:17  Marine x2  
Show
View Real Time Build Order
Export as new Build Order

Nerchio Zerg 

Build Orders: Hatch First 

Get SALT Encoding   

  12  0:00  Drone  
  13  0:12  Overlord  
  13  0:17  Drone  
  14  0:30  Drone x2  
  14  0:34  Drone  
  17  0:51  Hatchery  
  17  0:54  Drone  
  17  0:57  Drone  
  18  1:12  Spawning Pool  
  18  1:14  Drone  
  18  1:17  Drone  
  19  1:19  Extractor  
  18  1:28  Drone  
  19  1:38  Overlord  
  19  1:58  Zergling x2, Queen  
  19  2:00  Zergling x2  
  23  2:03  Queen  
  23  2:04  Zergling x2  
  26  2:10  Drone  
  26  2:14  Drone  
  28  2:22  Drone  
  29  2:25  Drone  
  30  2:31  Roach Warren  
  30  2:32  Drone  
  30  2:34  Queen  
  30  2:35  Drone  
  33  2:42  Overlord  
  33  2:46  Drone  
  34  2:55  Drone  
  34  2:57  Drone  
  35  3:07  Drone x2  
  35  3:11  Overlord, Roach x2  
  43  3:13  Roach  
  43  3:15  Overlord  
  43  3:23  Extractor  
  42  3:28  Drone  
  42  3:31  Drone x3  
  46  3:34  Drone  
  46  3:39  Ravager x3  
  46  3:40  Drone  
  51  3:43  Drone  
  51  3:44  Drone x4  
  51  3:46  Drone  
  57  3:51  Overlord, Extractor  
  57  3:55  Drone  
  57  3:57  Drone  
  58  4:03  Overlord  
  58  4:14  Drone  
  58  4:15  Drone x2  
  58  4:16  Drone  
  62  4:19  Hatchery  
  62  4:22  Evolution Chamber  
  62  4:23  Drone  
  61  4:24  Evolution Chamber  
  61  4:26  Drone  
  61  4:27  Drone  
  61  4:28  Drone  
  62  4:32  Drone x2  
  62  4:35  Drone  
  64  4:40  Overlord  
  64  4:50  Lair, Zerg Ground Armor Level 1, Zerg Melee Weapons Level 1  
  64  4:52  Drone x2  
  66  4:54  Drone  
  66  4:57  Drone x2  
  69  5:02  Drone  
  69  5:05  Drone  
  71  5:08  Drone x2  
  71  5:09  Drone  
  71  5:11  Extractor  
  71  5:13  Overlord  
  73  5:15  Drone  
  73  5:20  Metabolic Boost, Drone x3  
  77  5:28  Overlord  
  75  5:33  Roach x2  
  78  5:38  Roach  
  78  5:39  Roach x2  
  78  5:40  Roach x2  
  78  5:42  Roach  
  90  5:45  Spore Crawler  
  90  5:46  Spore Crawler  
  90  5:49  Roach x2  
  92  5:51  Glial Reconstitution  
  92  5:53  Roach  
  94  5:57  Spore Crawler x2  
  94  5:58  Roach  
  94  5:59  Roach  
  94  6:01  Roach  
  94  6:03  Ravager x2  
  100  6:06  Roach  
  100  6:07  Overlord  
  100  6:09  Overlord  
  102  6:11  Overlord  
  102  6:14  Overlord  
  102  6:16  Overlord  
  102  6:20  Overlord  
  102  6:28  Roach  
  102  6:29  Roach x4  
  112  6:35  Zergling x10  
  117  6:41  Infestation Pit  
  116  6:48  Zergling x14  
  116  6:50  Overlord  
  116  6:52  Zerg Melee Weapons Level 2  
  123  6:57  Drone  
  123  7:01  Drone x2  
  126  7:06  Zerg Ground Armor Level 2  
  126  7:07  Drone x3  
  128  7:12  Drone x5  
  128  7:13  Drone  
  128  7:15  Drone  
  128  7:16  Drone  
  124  7:25  Roach x2  
  124  7:28  Extractor  
  124  7:29  Extractor  
  125  7:30  Roach  
  125  7:33  Roach  
  125  7:34  Roach  
  125  7:37  Roach  
  130  7:38  Hatchery, Roach  
  130  7:39  Roach  
  130  7:40  Roach  
  130  7:43  Roach  
  130  7:44  Roach  
  126  7:46  Roach  
  126  7:49  Roach  
  124  7:51  Roach  
  124  7:56  Roach  
  124  7:57  Overlord  
  123  8:03  Overlord  
  123  8:04  Overlord  
  123  8:08  Overlord  
  118  8:12  Overlord  
  114  8:22  Roach  
  114  8:23  Roach  
  114  8:25  Roach x2  
  114  8:26  Ravager  
  119  8:27  Ravager  
  119  8:33  Roach  
  120  8:38  Roach  
  107  8:44  Roach  
  85  8:51  Infestor  
  85  8:58  Infestor  
  85  9:06  Infestor  
  85  9:09  Zergling x4  
  87  9:11  Zergling x2  
  87  9:13  Zergling x2  
  87  9:14  Zergling x2  
  87  9:17  Zergling x2  
  87  9:19  Ravager, Zergling x2  
  87  9:23  Zergling x2  
  90  9:25  Zergling x2  
  90  9:31  Queen, Zergling x2  
  88  9:33  Zergling x2  
  88  9:36  Ravager  
  92  9:45  Zergling x2  
  92  9:47  Zergling x2  
  92  9:50  Zergling x2  
  92  9:52  Hatchery  
  93  9:53  Zergling x2  
  93  9:54  Zergling x2  
  95  10:00  Zergling x6  
  95  10:02  Zergling x2  
  98  10:08  Zergling x2  
  98  10:09  Zergling x2  
  98  10:13  Ravager  
  98  10:14  Ravager x2  
  102  10:17  Zergling x2  
  103  10:22  Zergling x2  
  103  10:28  Zergling x6  
  103  10:30  Zergling x2  
  100  10:37  Zergling x2  
  100  10:39  Zergling x2  
  101  10:48  Zergling x2  
  96  10:50  Zergling x2  
  96  10:51  Zergling x2  
  96  10:52  Zergling x4, Queen x2  
  103  11:00  Zergling x2  
  100  11:07  Zergling x2  
  100  11:09  Roach  
  101  11:12  Roach  
  101  11:19  Roach  
  101  11:24  Roach x4  
  93  11:34  Roach  
  93  11:36  Ravager x2  
  97  11:41  Zergling x2  
  98  11:49  Zergling x6  
  98  11:51  Hatchery, Zergling x4  
  102  11:54  Zergling x2  
  102  11:58  Queen  
  103  12:01  Ravager x3  
  103  12:02  Ravager  
  103  12:04  Zergling x2  
  103  12:13  Zergling x2  
  103  12:14  Zergling x6  
  103  12:15  Zergling x2  
  106  12:18  Zergling x2  
  100  12:24  Zergling x6  
  100  12:26  Zergling x2  
  99  12:37  Hive  
  99  12:45  Infestor  
  99  12:48  Infestor  
  103  13:04  Zergling x2  
  103  13:05  Zergling x12  
  109  13:22  Hatchery  
  107  13:29  Infestor  
  108  13:57  Hatchery  
  105  14:06  Ultralisk Cavern  
  104  14:11  Infestor  
  104  14:16  Zergling x6  
  109  14:20  Zergling x2  
  109  14:24  Zergling x2  
  111  14:28  Zergling x2  
  107  14:52  Chitinous Plating  
  107  14:53  Ultralisk  
  113  15:08  Ultralisk  
  119  15:22  Drone  
  119  15:23  Drone x4  
  124  15:54  Ultralisk  
  127  16:00  Overlord  
  127  16:01  Overlord  
  109  16:14  Zergling x10  
  109  16:16  Zergling x2  
  113  16:19  Zergling x2  

Tags
 
Add a new tag
Caveats
  • Supply blocks, unpowered buildings, or Contaminate may cause inaccurate times.
  • Supply counts are checked every 10 seconds.